 Dungeon Crawl Stone Soup version 0.20-a0-522-g0b37eee (webtiles) character file.

2737 Gorice the Carver (level 9, -8/64 HPs)
             Began as a Barachian Fighter on Jan 24, 2017.
             Was an Initiate of Okawaru.
             Killed by divine providence
             ... invoked by an orc priest
              (16 damage)
             ... on level 8 of the Dungeon on Jan 25, 2017.
             The game lasted 00:26:51 (8319 turns).

Gorice the Carver (Barachian Fighter)               Turns: 8319, Time: 00:26:52

Health: -8/64      AC: 14    Str: 17    XL:     9   Next: 67%
Magic:  9/9        EV:  5    Int:  7    God:    Okawaru [......]
Gold:   550        SH:  9    Dex: 13    Spells: 8/8 levels left

rFire    . . .     SeeInvis .   u - +0 long sword
rCold    . . .     Gourm    .   x - +1 chain mail
rNeg     . . .     Faith    .   c - +0 shield
rPois    .         Spirit   .   G - +0 helmet
rElec    .         Reflect  .   (no cloak)
rCorr    .         Harm     .   (no gloves)
MR       .....                  w - +0 pair of boots
Stlth    ..........             D - amulet of magic regeneration
Regen    0.2/turn               (no ring)
                                z - +3 ring of dexterity

@: slow
A: swims, slowness 1, strong legs 1
a: Hop, Renounce Religion


You were on level 8 of the Dungeon.
You worshipped Okawaru.
Okawaru was noncommittal.
You were not hungry.

You visited 2 branches of the dungeon, and saw 9 of its levels.

You collected 550 gold pieces.

Inventory:

Hand Weapons
 a - a +3 rapier of electrocution
   (You found it on level 3 of the Dungeon)
 b - a +0 hunting sling
 u - a +0 long sword (weapon)
 B - a +0 blowgun
Missiles
 o - 60 poisoned needles
 p - 32 sling bullets
 y - 4 tomahawks (quivered)
 Z - 199 stones
Armour
 c - a +0 shield (worn)
 l - a +0 scale mail
 w - a +0 pair of boots (worn)
 x - a +1 chain mail (worn)
 G - a +0 helmet (worn)
Jewellery
 n - a +2 ring of intelligence
 z - a +3 ring of dexterity (left hand)
 D - an amulet of magic regeneration (around neck)
 E - an uncursed ring of fire
Wands
 s - a wand of iceblast (5/15)
 A - a wand of lightning (6/15)
Scrolls
 k - 2 scrolls of remove curse
 q - 2 scrolls of magic mapping {!r}
 t - a scroll of recharging
 C - a scroll of amnesia
Potions
 d - a potion of might {!q}
 e - a potion of haste {!q}
 h - a potion of brilliance {!q}
 i - a potion of lignification {!q}
 j - 2 potions of curing
 r - 4 potions of heal wounds {!q}
 v - a potion of resistance {!q}
Comestibles
 f - 8 bread rations {!e}
 g - 3 meat rations {!e}
 m - 4 royal jellies
 F - 2 chunks of flesh


   Skills:
 - Level 3.2 Fighting
 * Level 12.2 Long Blades
 + Level 7.7 Armour
 - Level 3.0 Shields


You had 8 spell levels left.
You didn't know any spells.

Dungeon Overview and Level Annotations

Branches:
Dungeon (8/15)             Temple (1/1) D:7
   Lair: D:8-11

Altars:
Ashenzari
Cheibriados
Dithmenos
Elyvilon
Fedhas
Gozag
Hepliaklqana
Kikubaaqudgha
Makhleb
Nemelex Xobeh
Okawaru
Qazlal
Ru
Sif Muna
Trog
Uskayaw
Vehumet
Xom
Yredelemnul
Zin
The Shining One

Annotations:
D:3 exclusion: oklob plant
D:6 2hogre!
D:7 Prince Ribbit


Innate Abilities, Weirdness & Mutations

You can swim through water.
You cover ground slowly.
You can hop short distances.


Message History

The orc warrior is severely wounded.
The orc warrior hits you with a broad axe.
* * * LOW HITPOINT WARNING * * *
An orc comes into view. It is wielding a flail.
Damage: 6 (max 14)
The orc shouts!
You hit the orc warrior.
The orc warrior is severely wounded.
You block the orc warrior's attack.
You closely miss the orc warrior.
The orc warrior is severely wounded.
The orc warrior hits you with a broad axe!
* * * LOW HITPOINT WARNING * * *
An orc priest comes into view.
Damage: 11 (max 14) Unknown command.
The orc priest shouts!
You hit the orc warrior.
The orc warrior is almost dead.
You hear a shout!
You hit the orc warrior but do no damage.
The orc warrior is almost dead.
The orc hits you but does no damage.
The orc priest mumbles some strange prayers to Beogh against you.
Beogh smites you!
* * * LOW HITPOINT WARNING * * *
The orc warrior hits you with a broad axe.
* * * LOW HITPOINT WARNING * * *
Damage: 17 (max 17) Really quaff
r - 5 potions of heal wounds {!q}?
You feel much better. You block the orc's attack.
The orc warrior hits you with a broad axe!
* * * LOW HITPOINT WARNING * * *
You hit the orc warrior but do no damage.
The orc warrior is almost dead.
You block the orc's attack.
You closely miss the orc warrior.
The orc warrior is almost dead.
The orc warrior hits you with a broad axe.
* * * LOW HITPOINT WARNING * * *
The orc priest looks satisfied for a moment.
An orc priest comes into view. It is wielding a short sword of speed.
Damage: 3 (max 17)
You hit the orc warrior.
The orc warrior is almost dead.
The orc hits you with a flail.
* * * LOW HITPOINT WARNING * * *
The orc priest mumbles some strange prayers to Beogh against you.
Beogh smites you!
You die...

#####.#)..>......#
...##........###.#
...........##.##.#######
#.##......# .##.......#
#.##.>#...##.##.#####.#
###.##..#.#...###.#
....[...#.#.......#
.##.##.##.#..######## .
#.##.##.#^..oo@o..# .
#....##.##.######o# #
#..#.##.##.######(####.#
###..#.##.##.#...........#
.....#..........###.####.#
####.####.##.o....≈## #
####.####.###.....;#
................≈≈≈#
#)##.#..........≈≈≈≈#


You could see an orc warrior, 2 orc priests and an orc.

Vanquished Creatures
  An orc warrior (D:6)
  A black bear (D:7)
  3 ice beasts
  2 ogres (D:7)
  5 centaurs
  2 bullfrogs
  2 scorpions
  4 killer bees (D:7)
  4 wights (D:6)
  3 howler monkeys (D:7)
  An electric eel (D:8)
  3 crimson imps
  A quasit (D:8)
  2 jellies
  A bullfrog skeleton (D:6)
  An orc priest (D:8)
  5 hounds
  2 orc wizards (D:7)
  4 iguanas
  7 worker ants
  A hound skeleton (D:5)
  A gnoll (D:4)
  9 adders
  A shadow imp (D:6)
  2 oozes (D:3)
  3 worms (D:2)
  5 leopard geckos
  26 orcs
  8 bats
  5 giant cockroaches
  8 goblins
  10 hobgoblins
  7 jackals
  10 kobolds
  3 quokkas
  2 ball pythons
  3 frilled lizards
  4 rats
162 creatures vanquished.

Notes
Turn   | Place    | Note
-------+----------+-------------------------------------------
     0 | D:1      | Gorice the Barachian Fighter began the quest for the Orb.
     0 | D:1      | Reached XP level 1. HP: 18/18 MP: 1/1
   146 | D:1      | Reached skill level 3 in Long Blades
   146 | D:1      | Reached XP level 2. HP: 22/24 MP: 2/2
   434 | D:1      | Reached XP level 3. HP: 29/29 MP: 3/3
   630 | D:1      | Reached skill level 4 in Long Blades
  1158 | D:2      | Found a faded altar of an unknown god.
  1168 | D:2      | Reached XP level 4. HP: 35/35 MP: 4/4
  1529 | D:2      | Reached skill level 5 in Long Blades
  1851 | D:3      | Reached XP level 5. HP: 40/41 MP: 5/5
  2214 | D:3      | Found a blossoming altar of Fedhas.
  2237 | D:3      | Noticed an oklob plant
  2393 | D:4      | Reached skill level 6 in Long Blades
  2634 | D:4      | Reached XP level 6. HP: 43/47 MP: 6/6
  2742 | D:4      | Reached skill level 7 in Long Blades
  3342 | D:5      | Entered Level 5 of the Dungeon
  3386 | D:5      | Reached XP level 7. HP: 32/52 MP: 7/7
  3414 | D:5      | Reached skill level 8 in Long Blades
  3414 | D:5      | Reached skill level 4 in Armour
  3957 | D:5      | Reached skill level 9 in Long Blades
  3957 | D:5      | Reached skill level 5 in Armour
  4075 | D:6      | Reached XP level 8. HP: 57/58 MP: 8/8
  4669 | D:6      | Reached skill level 10 in Long Blades
  4852 | D:6      | Reached skill level 6 in Armour
  5219 | D:7      | Noticed Prince Ribbit
  5458 | D:7      | Reached XP level 9. HP: 55/64 MP: 9/9
  5477 | D:7      | Reached skill level 11 in Long Blades
  5477 | D:7      | HP: 19/64 [poisoned by a killer bee]
  5482 | D:7      | HP: 14/64 [poisoned by a killer bee]
  5488 | D:7      | HP: 11/64 [poisoned by a killer bee]
  5495 | D:7      | HP: 10/64 [poisoned by a killer bee]
  5501 | D:7      | HP: 10/64 [poisoned by a killer bee]
  5954 | D:7      | Upgraded the game from 0.20-a0-517-g5f97612 to 0.20-a0-522-g0b37eee
  6008 | D:7      | Reached skill level 7 in Armour
  6162 | D:7      | Found a staircase to the Ecumenical Temple.
  6171 | Temple   | Entered the Ecumenical Temple
  6257 | Temple   | Became a worshipper of Warmaster Okawaru
  7036 | D:7      | Noticed a two-headed ogre
  7097 | D:6      | HP: 4/64 [two-headed ogre/giant club (19)]
  7102 | D:6      | HP: 14/64 [two-headed ogre/giant club (7)]
  7427 | D:8      | Reached skill level 12 in Long Blades
  8015 | D:8      | HP: 9/64 [orc priest/divine providence (15)]
  8315 | D:8      | HP: 9/64 [orc priest/divine providence (12)]
  8315 | D:8      | HP: 3/64 [orc warrior/broad axe (6)]
  8319 | D:8      | Killed from afar by an orc priest

Vault maps used:
D:1:      minmay_arrival_stair_chambers, minmay_hexomino_f4
D:2:      chequers_ecumenical_altar_simple
D:3:      tgw_fedhas
D:4:      cheibrodos_gnoll_hut
D:5:      first_bread
D:7:      temple_hall, uniq_prince_ribbit1
D:8:      statuecave_lemuel
Temple:   dpeg_three_leaves_temple

Skill      XL: |  1  2  3  4  5  6  7  8  9 |
---------------+----------------------------+-----
Long Blades    | 3 4 5 6 7 9 10 12 | 12.2
Armour         | 5 6 7 |  7.7
Fighting       | |  3.2
Shields        | |  3.0

Action                   |  1- 3 |  4- 6 |  7- 9 || total
-------------------------+-------+-------+-------++-------
Melee: Long sword        |   138 |    81 |    45 ||   264
       Rapier            |       |   109 |   304 ||   413
 Fire: Hunting sling     |     7 |     9 |     3 ||    19
Throw: Stone             |     7 |     2 |     5 ||    14
       Tomahawk          |       |       |    22 ||    22
 Abil: Hop               |       |       |     1 ||     1
Evoke: Wand              |       |       |     1 ||     1
  Use: Scroll            |     3 |    10 |     9 ||    22
       Potion            |       |       |     5 ||     5
  Eat: Chunk             |     2 |     8 |    17 ||    27
Armor: Scale mail        |    80 |    56 |       ||   136
       Chain mail        |       |    34 |   150 ||   184
Dodge: Dodged            |    51 |    45 |    52 ||   148
Block: Shield            |    97 |    86 |   130 ||   313
       Rpst.: Long sword |    15 |     9 |     1 ||    25

Table legend:
 A = Turns spent in this place as a percentage of turns spent in the entire game.
 B = Non-inter-level travel turns spent in this place as a percentage of non-inter-level travel turns spent in the entire game.
 C = Inter-level travel turns spent in this place as a percentage of turns spent in this place.
 D = Turns resting spent in this place as a percentage of non-inter-level travel turns spent in this place.
 E = Turns spent auto-exploring this place as a percentage of non-inter-level travel turns spent in this place.
 F = Non-inter-level travel turns spent in this place divided by the number of levels of this place that you've seen.
                   A       B       C       D       E      F
               +-------+-------+-------+-------+-------+----------------------
         Total | 100.0 | 100.0 |   0.3 |   2.0 |   4.9 | 316.7
       Dungeon |  96.8 |  96.8 |   0.3 |   2.1 |   5.1 | 345.0
        Temple |   3.2 |   3.2 |   1.1 |   0.0 |   0.0 |  90.0
               +-------+-------+-------+-------+-------+----------------------

Vault maps used:
D:1:      minmay_arrival_stair_chambers, minmay_hexomino_f4
D:2:      chequers_ecumenical_altar_simple
D:3:      tgw_fedhas
D:4:      cheibrodos_gnoll_hut
D:5:      first_bread
D:7:      temple_hall, uniq_prince_ribbit1
D:8:      statuecave_lemuel
Temple:   dpeg_three_leaves_temple
